 Dungeon Crawl Stone Soup version 0.29-a0-845-g6161e89988 (webtiles) character file.

Game seed: 17382065880255039070

4922 xxMUMMYxxTRUMPxx the Thaumaturge (level 10, -7/71 HPs)
             Began as a Mummy Cinder Acolyte on July 15, 2022.
             Was a High Priest of Ignis.
             Mangled by an orc warrior
             ... wielding a +0 halberd
              (14 damage)
             ... on level 8 of the Dungeon.
             The game lasted 00:35:11 (5458 turns).

xxMUMMYxxTRUMPxx the Thaumaturge (MuCA)             Turns: 5458, Time: 00:35:12

Health: -7/71      AC: 10    Str: 17    XL:     10   Next: 27%
Magic:  20/24      EV: 10    Int: 24    God:    Ignis [*****.]
Gold:   350        SH:  0    Dex:  5    Spells: 15/29 levels left

rFire   + + .      SeeInvis .   b - staff of fire
rCold   . . .      Faith    .   (no shield)
rNeg    + + +      Spirit   .   x - +2 acid dragon scales
rPois   ∞          Reflect  .   (no helmet)
rElec   .          Harm     .   C - +1 cloak {Stlth+}
rCorr   +          Rampage  .   (no gloves)
Will    ++...                   (no boots)
Stlth   ++........              g - amulet of magic regeneration
HPRegen 0.21/turn               z - ring "Pijay" {Fire Will+ Dex-3 Stlth+}
MPRegen 0.59/turn               v - +6 ring of intelligence

@: on blink cooldown
A: cold resistance 1, negative energy resistance 3, torment resistance 2, heat
vulnerability 1, in touch with death 1, no potions
a: Renounce Religion, Fiery Armour, Foxfire Swarm, Rising Flame


You were on level 8 of the Dungeon.
You worshipped Ignis.
Ignis was extremely pleased with you.
You visited 2 branches of the dungeon, and saw 9 of its levels.

You collected 350 gold pieces.

Inventory:

Hand Weapons
 a - a +0 flail
 e - a +0 whip
 f - a -1 mace of flaming
 n - a +0 sling
 q - a +0 trident of distortion
 A - a +4 quarterstaff of chaos
Missiles
 i - 21 poisoned darts
Armour
 c - a +0 ring mail
 l - a +0 robe
 r - a +2 kite shield
 x - +2 acid dragon scales (worn)
 y - a +2 leather armour
 C - a +1 cloak of stealth (worn)
Magical Staves
 b - a staff of fire (weapon)
 t - a staff of cold
Jewellery
 g - an amulet of magic regeneration (around neck)
 k - a ring of protection from fire
 p - a ring of ice
 v - a +6 ring of intelligence (right hand)
 z - the ring "Pijay" (left hand) {Fire Will+ Dex-3 Stlth+}
   (You acquired it on level 7 of the Dungeon)

   [ring of fire]

   It enhances your fire magic.
   Dex:       It affects your dexterity (-3).
   rF:        It protects you from fire.
   rC:        It makes you vulnerable to cold.
   Will:      It increases your willpower.
   Stlth:     It makes you more stealthy.
Wands
 m - a wand of charming (9)
 o - a wand of light (3)
 D - a wand of roots (4)
Scrolls
 d - 2 scrolls of noise
 h - 2 scrolls of enchant weapon
 j - a scroll of amnesia
 s - a scroll of fog {unknown}
 u - a scroll of poison {unknown}
 w - a scroll of brand weapon {unknown}
 B - a scroll of identify


   Skills:
 + Level 3.8 Fighting
 - Level 2.7(3.0) Maces & Flails
 + Level 1.7(2.5) Staves
 + Level 1.6 Armour
 + Level 1.6 Shields
 + Level 10.2 Spellcasting
 + Level 6.6 Conjurations
 + Level 7.4 Fire Magic


You had 15 spell levels left.
You knew the following spells:

 Your Spells              Type           Power      Damage    Failure   Level
a - Scorch                Fire           100%       2d10      1%          2
b - Blink                 Tloc           24%        N/A       11%         2
c - Sticky Flame          Conj/Fire      80%        2d9       3%          4
d - Ignite Poison         Fire/Tmut/Pois 52%        N/A       8%          3
e - Conjure Flame         Conj/Fire      80%        6-21      1%          3

Your spell library contained the following spells:

 Spells                   Type           Power      Damage    Failure   Level
 Summon Small Mammal      Summ           48%        N/A       7%          1
 Poisonous Vapours        Pois/Air       24%        N/A       11%         2
 Call Canine Familiar     Summ           12%        N/A       22%         3
 Lesser Beckoning         Tloc           12%        N/A       22%         3
 Summon Guardian Golem    Hex/Summ       12%        N/A       22%         3
 Corpse Rot               Necr/Pois/Air  18%        N/A       56%         4
 Manifold Assault         Tloc           12%        N/A       89%         5


Dungeon Overview and Level Annotations

Branches:
Dungeon (8/15)             Temple (1/1) D:4            Lair (0/6) D:8

Altars:
Ashenzari
Cheibriados
Dithmenos
Gozag
Hepliaklqana
Kikubaaqudgha
Makhleb
Nemelex Xobeh
Qazlal
Sif Muna
Trog
Uskayaw
Vehumet
Wu Jian
Xom
Yredelemnul

Shops:
D:5 *

Portals:
Abyss: D:7


Innate Abilities, Weirdness & Mutations

You are immune to poison.
Your flesh is cold resistant. (rC+)
You are immune to negative energy. (rN+++)
You are immune to unholy pain and torment.
You are vulnerable to heat. (rF-)
You are in touch with the powers of death.
You do not drink.


Message History

You kill the orc!
There is a stone staircase leading down here.
You climb downwards.
There is a stone staircase leading up here.
Found a chain mail and a scale mail.
You start resting.
An orc warrior comes into view. It is wielding a +0 halberd.
You see here a +0 chain mail.
The orc warrior shouts!
The orc warrior hits you from afar with a +0 halberd!
A wight comes into view. It is wielding a +5 falchion.
The orc warrior hits you with a +0 halberd!!
* * * LOW HITPOINT WARNING * * *
Casting: Scorch (safe; 1% risk of failure)
Confirm with . or Enter, or press ? or * to list all spells.
Aiming: Sticky Flame (dangerous; 3% risk of failure)
Press: ? - help, Shift-Dir - straight line, f - orc warrior
Aim: an orc warrior, wielding a +0 halberd and wearing a +0 chain mail (100% to hit)
You feel a strong surge of power!
The sticky flame hits the orc warrior!
The orc warrior is moderately wounded.
The orc warrior is covered in liquid flames!
The orc warrior burns!
The orc warrior hits you with a +0 halberd.
* * * LOW HITPOINT WARNING * * *
Casting: Sticky Flame (dangerous; 3% risk of failure)
Confirm with . or Enter, or press ? or * to list all spells.
You blink. 3 wights come into view.
A wight is wielding a +6 long sword and carrying a wand of flame (14).
Found a scroll labelled UTIB VAFUD.
The orc warrior burns!
Unknown command.
Okay, then.
Aiming: Charm
Press: ? - help, Shift-Dir - straight line, f - wight, p - orc warrior
Aim: a wight, wielding a +5 falchion and wearing a +0 robe (chance to affect: 49%)
The wight resists with some effort.
The orc warrior burns!
The wight hits you from afar with a +0 spear.
* * * LOW HITPOINT WARNING * * *
The orc warrior hits you from afar with a +0 halberd!
You die...

#[# #.####.###
#[........
##.###..##
#§##...##
##.#.#...# ###
..o...?#
#....#zz...#...
##...@.z.z...
#............
##...#.#.#...
..#.#....# .
... #. ... ..
.. .... . ##
...#. ...##.


You could see an orc warrior (burning) and 4 wights.

Vanquished Creatures
  2 death yaks (D:8)
  The ghost of gabibbone the Insei, a novice OpTm of Ashenzari (D:7)
  An ugly thing (D:7)
  Maggie (D:7)
  Menkaure (D:7)
  Duvessa (D:4)
  3 ice beasts
  2 black bears
  2 ogres (D:5)
  A centaur (D:5)
  2 small abominations (D:7)
  A phantom (D:5)
  2 kobold brigands (D:7)
  4 bullfrogs
  A necrophage (D:6)
  2 scorpions (D:5)
  Dowan (D:4)
  5 howler monkeys
  A hound (D:6)
  2 jellies
  A quasit (D:7)
  An orc priest (D:6)
  A gnoll bouda (D:6)
  Crazy Yiuf (D:7)
  An iguana (D:7)
  5 orc wizards
  Natasha (D:3)
  Robin (D:3)
  8 gnolls
  7 adders
  A shadow imp (D:5)
  2 white imps
  2 ufetubi
  2 worms
  7 orcs
  4 endoplasms
  3 giant cockroaches
  12 goblins
  9 hobgoblins
  8 jackals
  6 quokkas
  4 ball pythons
  3 bats
  A frilled lizard (D:3)
  14 kobolds
  A rat (D:2)
142 creatures vanquished.

Vanquished Creatures (others)
  A gnoll sergeant (D:7)
  A fungus (D:7)
2 creatures vanquished.

Grand Total: 144 creatures vanquished

Notes
Turn   | Place    | Note
-------+----------+-------------------------------------------
     0 | D:1      | xxMUMMYxxTRUMPxx the Mummy Cinder Acolyte began the quest
                  | for the Orb.
     0 | D:1      | Reached XP level 1. HP: 18/18 MP: 2/2
   222 | D:1      | Reached skill level 2 in Spellcasting
   226 | D:1      | Reached XP level 2. HP: 21/24 MP: 5/5
   261 | D:1      | Learned a level 2 spell: Scorch
   659 | D:2      | Found an opulent altar of Gozag.
   719 | D:2      | Gained mutation: You are in touch with the powers of death.
                  | [Mummy growth]
   719 | D:2      | Reached XP level 3. HP: 29/29 MP: 7/7
   723 | D:2      | Learned a level 3 spell: Conjure Flame
   840 | D:2      | Reached skill level 3 in Spellcasting
   928 | D:2      | Found a faded altar of an unknown god.
  1138 | D:3      | Reached XP level 4. HP: 35/35 MP: 1/8
  1178 | D:3      | Learned a level 4 spell: Sticky Flame
  1321 | D:3      | Noticed Natasha
  1532 | D:4      | Noticed an orc warrior
  1546 | D:4      | Reached skill level 1 in Conjurations
  1597 | D:3      | Noticed Robin
  1616 | D:3      | Killed Robin
  1619 | D:3      | Reached XP level 5. HP: 18/41 MP: 1/10
  1901 | D:3      | Reached skill level 4 in Spellcasting
  1928 | D:3      | Killed Natasha
  2338 | D:4      | Found a hazy altar of Hepliaklqana.
  2356 | D:4      | Noticed Duvessa
  2357 | D:4      | Noticed Dowan
  2371 | D:4      | Killed Duvessa
  2372 | D:4      | Reached XP level 6. HP: 9/47 MP: 3/13
  2735 | D:4      | Found a staircase to the Ecumenical Temple.
  2763 | Temple   | Entered the Ecumenical Temple
  3114 | D:4      | Killed Dowan
  3115 | D:4      | Reached skill level 5 in Spellcasting
  3223 | D:5      | Entered Level 5 of the Dungeon
  3223 | D:5      | Found Tiudwogrui's General Store.
  3303 | D:5      | Reached XP level 7. HP: 26/52 MP: 7/15
  3688 | D:5      | Reached skill level 6 in Spellcasting
  3692 | D:5      | Found a sparkling altar of Nemelex Xobeh.
  3763 | D:5      | Reached skill level 5 in Fire Magic
  3763 | D:5      | Reached XP level 8. HP: 52/58 MP: 11/17
  3857 | D:6      | Reached skill level 7 in Spellcasting
  3917 | D:6      | Learned a level 3 spell: Ignite Poison
  4292 | D:6      | You fall into a shaft and drop 1 floor!
  4297 | D:7      | Noticed Maggie
  4427 | D:7      | Noticed Menkaure
  4434 | D:7      | Killed Menkaure
  4464 | D:7      | Reached skill level 8 in Spellcasting
  4464 | D:7      | Reached skill level 5 in Conjurations
  4495 | D:7      | Found a transporter.
  4497 | D:7      | Noticed a green ugly thing
  4506 | D:7      | Found a transporter.
  4508 | D:7      | Found a one-way gate to the infinite horrors of the Abyss.
  4508 | D:7      | Noticed gabibbone's ghost (novice OpTm)
  4624 | D:7      | Killed Maggie
  4625 | D:7      | Reached XP level 9. HP: 27/63 MP: 10/21
  4840 | D:7      | Killed gabibbone's ghost
  4840 | D:7      | Killed a green ugly thing
  4841 | D:7      | Reached skill level 9 in Spellcasting
  5125 | D:7      | Identified a scroll of acquirement
  5125 | D:7      | Acquired the ring "Pijay" {Fire Will+ Dex-3 Stlth+}
  5150 | D:7      | Learned a level 2 spell: Blink
  5213 | D:7      | Found a runed translucent door.
  5214 | D:7      | Noticed Crazy Yiuf
  5220 | D:7      | Killed Crazy Yiuf
  5356 | D:8      | Found a staircase to the Lair.
  5356 | D:8      | Noticed a death yak
  5356 | D:8      | Noticed a death yak
  5361 | D:8      | Noticed a death yak
  5378 | D:8      | Killed a death yak
  5379 | D:8      | Reached skill level 1 in Staves
  5379 | D:8      | Reached skill level 1 in Armour
  5379 | D:8      | Reached skill level 1 in Shields
  5379 | D:8      | Reached skill level 10 in Spellcasting
  5379 | D:8      | Reached XP level 10. HP: 54/70 MP: 7/24
  5391 | D:8      | Killed a death yak
  5458 | D:8      | Mangled by an orc warrior

Illustrated notes

Levels and vault maps discovered:
D:1:      doesnt_arrival_eight_statues, layout_loops_ring
D:2:      layout_loops_ring, shapermc_ecumenical_altar_pompeii, basic_altar,
          chequers_arboretum, kennysheep_generic_room_13
D:3:      layout_loops_ring, minmay_misc_feat_nine_boxes, uniq_robin,
          uniq_natasha, uniq_sigmund
D:4:      layout_basic, overflow_temple_1_default,
          minmay_temple_entry_stoned_glass, uniq_duvessa
D:5:      layout_loops_ring, general_overflow_altar, nemelex_dance_club_becter,
          serial_shops, nicolae_stop_n_shop_1
D:6:      layout_cave_pools
D:7:      layout_rooms, gammafunk_ghost_abyssal_escape, uniq_menkaure,
          uniq_crazy_yiuf_cottage, uniq_maggie
D:8:      layout_loops_ring, dpeg_lair_monsters, nicolae_lava_and_water,
          corexii_checkpoint_a, st_stairs_5, feat_on_display, uniq_pikel
Temple:   bh_familiar_temple

Skill      XL: |  1  2  3  4  5  6  7  8  9 |
---------------+----------------------------+-----
Spellcasting   | 2 3 4 5 6 8 10 | 10.2
Fire Magic     | 3 4 5 6 7 |  7.4
Conjurations   | 1 2 3 5 6 |  6.6
Staves         | 1 |  1.7
Armour         | 1 |  1.6
Shields        | 1 |  1.6
Fighting       | |  3.8
Maces & Flails | |  2.7

Action                   |  1- 3 |  4- 6 |  7- 9 | 10-12 || total
-------------------------+-------+-------+-------+-------++-------
Melee: Mace              |    66 |    78 |       |       ||   144
       Staff             |    16 |       |     2 |     1 ||    19
       Punch             |       |     1 |       |       ||     1
       Flail             |       |       |     3 |       ||     3
Throw: Dart              |       |     2 |       |       ||     2
 Cast: Scorch            |     7 |    51 |   132 |     2 ||   192
       Conjure Flame     |       |       |     7 |       ||     7
       Sticky Flame      |       |       |     9 |     3 ||    12
       Blink             |       |       |       |     1 ||     1
Evoke: Wand              |       |     2 |     4 |     3 ||     9
  Use: Scroll            |       |     9 |     6 |       ||    15
Armor: Ring mail         |    31 |    58 |     1 |       ||    90
       Robe              |       |       |     7 |       ||     7
       Acid dragon scale |       |       |     5 |     2 ||     7
Dodge: Dodged            |    52 |    74 |    59 |     3 ||   188

Table legend: (Time is in decaauts)
 A = Elapsed time spent in this place.
 B = Non-inter-level travel time spent in this place.
 C = Inter-level travel time spent in this place.
 D = Time resting spent in this place.
 E = Time spent auto-exploring this place.
 F = Levels seen in this place.
 G = Mean time per level.
                   A        B        C        D        E       F      G
               +--------+--------+--------+--------+--------+-----+--------+
         Total |   5497 |   5374 |    123 |   1703 |      0 |   9 |  610.8 |
       Dungeon |   5389 |   5266 |    123 |   1703 |      0 |   8 |  673.6 |
        Temple |    107 |    107 |      0 |      0 |      0 |   1 |  107.0 |
               +--------+--------+--------+--------+--------+-----+--------+

Top non-repeatable levels by time:
     D:3: 1301 daAuts
     D:7: 896 daAuts
     D:4: 767 daAuts
     D:5: 762 daAuts
     D:2: 715 daAuts
     D:1: 401 daAuts
     D:6: 396 daAuts
     D:8: 147 daAuts
  Temple: 107 daAuts
